 Dungeon Crawl Stone Soup version 0.23-a0-446-g036aa52 (webtiles) character file.

28 Dfrag the Firebug (level 3, 24/24 HPs)
             Began as a Demonspawn Fire Elementalist on Nov 18, 2018.
             Quit the game on level 1 of the Dungeon.
             The game lasted 00:01:34 (904 turns).

Dfrag the Firebug (Demonspawn Fire Elementalist)     Turns: 904, Time: 00:01:34

Health: 24/24      AC:  6    Str:  8    XL:     3   Next: 0%
Magic:  2/6        EV: 12    Int: 17    God:
Gold:   36         SH:  0    Dex: 13    Spells: 5/6 levels left

rFire    + . .     SeeInvis .   (no weapon)
rCold    . . .     Gourm    .   (no shield)
rNeg     . . .     Faith    .   a - +0 robe
rPois    .         Spirit   .   (no helmet)
rElec    .         Reflect  .   (no cloak)
rCorr    .         Harm     .   (no gloves)
MR       .....                  (no boots)
Stlth    ++........             (no amulet)
HPRegen  0.08/turn              g - +4 ring of protection
MPRegen  0.10/turn              j - ring of protection from fire

@: no status effects
A: foul stench 1, rot immunity
a: no special abilities


You were on level 1 of the Dungeon.
You were hungry.

You visited 1 branch of the dungeon, and saw 1 of its levels.

You collected 36 gold pieces.

Inventory:

Armour
 a - a +0 robe (worn)
Jewellery
 g - a +4 ring of protection (left hand)
 j - a ring of protection from fire (right hand)
Scrolls
 d - 2 scrolls of enchant weapon {unknown}
 f - a scroll of enchant armour {unknown}
 i - a scroll of remove curse {unknown}
 l - 3 scrolls of identify {unknown}
Potions
 b - a potion of agility {unknown}
 e - 2 potions of heal wounds {unknown}
 h - a potion of magic {unknown}
 k - a potion of resistance {unknown}
 m - a potion of curing {unknown}
Comestibles
 c - 2 rations


   Skills:
 - Level 1.7 Dodging
 - Level 1.7 Stealth
 + Level 2.4 Spellcasting
 + Level 1.8 Conjurations
 + Level 3.1 Fire Magic


You had 5 spell levels left.
You knew the following spells:

 Your Spells              Type           Power        Failure   Level  Hunger
a - Flame Tongue          Conj/Fire      ##...        7%          1    #......

Your spell library contained the following spells:

 Spells                   Type           Power        Failure   Level  Hunger
 Throw Flame              Conj/Fire      ##....       10%         2    ##.....
 Conjure Flame            Conj/Fire      ##......     21%         3    ###....
 Inner Flame              Hex/Fire       #.......     28%         3    ###....
 Sticky Flame             Conj/Fire      ##......     54%         4    #####..
 Fireball                 Conj/Fire      ##........   88%         5    ######.


Dungeon Overview and Level Annotations

Branches:
Dungeon (1/15)

Altars:


Innate Abilities, Weirdness & Mutations

You may emit foul miasma when damaged in melee.
You are immune to rotting.


Message History

The flame tongue misses the kobold.
The kobold hits you but does no damage.
Casting: Flame Tongue (safe; 7% risk of failure)
Confirm with . or Enter, or press ? or * to list all spells.
Aiming: Flame Tongue (safe; 7% risk of failure)
Press: ? - help, Shift-Dir - straight line, f/p - kobold
Aim: a kobold, wielding a +0 dagger (severely wounded)
The flame tongue hits the kobold.
You kill the kobold!
You have reached level 3!
Your experience leads to an increase in your attributes!
Increase (S)trength, (I)ntelligence, or (D)exterity?
You feel clever.
Your demonic ancestry asserts itself...
You begin to emit a foul stench of rot and decay.
Unknown command.
Things that are here:
a +0 dagger; a kobold corpse
l - 3 scrolls labeled IHI WURGHATHYON You are feeling hungry.
Unknown command.
Are you sure you want to abandon this character and quit the game? (Confirm

######################.###
.............#.......#.#
###.......##.#.#####.#.#
#.......##.#...# #.#
#.......##.#.#.# #.#
#.......##.#.#)# #.#
############.#.#.# #.#
.....# #.#.#.# #.#
.....#######.#.#@# #.#
.#.#.......#.#.#.....#.#
#.#........#.#.#######.#
...#.......#.#..÷......#
#.#)+.....('........####
.#.#.÷....(#.######.#
#.#..#######.# #.# ###.##
#.# #.# #.# #.# #.#


There were no monsters in sight!

Vanquished Creatures
  2 leopard geckos (D:1)
  A ball python (D:1)
  7 bats (D:1)
  4 goblins (D:1)
  A hobgoblin (D:1)
  3 jackals (D:1)
  5 kobolds (D:1)
  A rat (D:1)
24 creatures vanquished.

Notes
Turn   | Place    | Note
-------+----------+-------------------------------------------
     0 | D:1      | Dfrag the Demonspawn Fire Elementalist began the quest for
                  | the Orb.
     0 | D:1      | Reached XP level 1. HP: 13/13 MP: 3/3
   291 | D:1      | Gained mutation: You are immune to rotting. [demonic
                  | ancestry]
   291 | D:1      | Reached XP level 2. HP: 19/19 MP: 1/5
   494 | D:1      | Reached skill level 3 in Fire Magic
   898 | D:1      | Gained mutation: You may emit foul miasma when damaged in
                  | melee. [demonic ancestry]
   898 | D:1      | Reached XP level 3. HP: 24/24 MP: 2/6
   904 | D:1      | Quit the game

Vault maps used:
D:1:      lemuel_arrival_behind_the_door_small, minmay_tiny_reverse_x

Skill      XL: |  1  2 |
---------------+-------+-----
Fire Magic     | 3 |  3.1
Dodging        | |  1.7
Stealth        | |  1.7
Spellcasting   | |  2.4
Conjurations   | |  1.8

Action                   || total
-------------------------++-------
Melee: Unarmed           ||    40
 Cast: Flame Tongue      ||    38
Armor: Robe              ||    33
Dodge: Dodged            ||    53

Table legend:
 A = Non-vault XP
 B = Vault XP
 C = Vault XP percentage of total XP
 D = Non-vault monster count
 E = Vault monster count
 F = Vault count percentage of total count
                 A         B        C        D         E       F
            +---------+---------+-------+---------+---------+-------
      Total |      38 |       3 |   7.3 |      22 |       2 |   8.3
            +---------+---------+-------+---------+---------+-------
        D:1 |      38 |       3 |   7.3 |      22 |       2 |   8.3
            +---------+---------+-------+---------+---------+-------
